 Dungeon Crawl Stone Soup version 0.27-a0-1101-ge311f74bc8 (webtiles) character file.

Game seed: 4302078104975331089

6143 karkarkar the Basher (level 10, 0/90 HPs)
             Began as a Minotaur Berserker on Apr 28, 2021.
             Was a High Priest of Trog.
             Succumbed to kobold brigand's curare-tipped dart
             ... on level 9 of the Dungeon.
             The game lasted 01:23:47 (10901 turns).

karkarkar the Basher (Minotaur Berserker)          Turns: 10901, Time: 01:23:47

Health: 0/90       AC: 19    Str: 26    XL:     10   Next: 59%
Magic:  9/9        EV:  6    Int:  4    God:    Trog [*****.]
Gold:   594        SH:  9    Dex: 13    Spells: 9/9 levels left

rFire    . . .     SeeInvis .   J - +9 hand axe of Dauh Lyni {vorpal, Dex+4}
rCold    . . .     Faith    .   K - +0 kite shield
rNeg     . . .     Spirit   .   c - +0 plate armour
rPois    .         Reflect  .   (helmet restricted)
rElec    .         Harm     .   s - +0 cloak
rCorr    .         Rampage  .   v - +1 pair of gloves
Will     .....                  e - +0 pair of boots
Stlth    ..........             (no amulet)
HPRegen  0.25/turn              (no ring)
MPRegen  0.11/turn              (no ring)

@: lethally poisoned (0 -> -3), slowed, very slow
A: horns 2, retaliatory headbutt
a: Renounce Religion, Berserk, Trog's Hand, Brothers in Arms


You were on level 9 of the Dungeon.
You worshipped Trog.
Trog was extremely pleased with you.
You visited 1 branch of the dungeon, and saw 9 of its levels.
You also visited: Sewer and Ossuary.

You collected 594 gold pieces.

Inventory:

Hand Weapons
 f - a +6 whip of draining
 r - a +4 quarterstaff of chaos
 y - a +3 dagger of holy wrath
 I - the +2 hand axe "Gumud" {venom, *Slow Str+4 Int+9}
   (You found it on level 8 of the Dungeon)

   It poisons the flesh of those it strikes.
   It affects your strength (+4).
   It affects your intelligence (+9).
   It may slow you when you take damage.
 J - the +9 hand axe of Dauh Lyni (weapon) {vorpal, Dex+4}
   (You found it on level 7 of the Dungeon)

   It inflicts extra damage upon your enemies.
   It affects your dexterity (+4).
 L - a +2 vorpal battleaxe
Missiles
 b - 257 stones
 p - 3 throwing nets
Armour
 c - a +0 plate armour (worn)
 e - a +0 pair of boots (worn)
 s - a +0 cloak (worn)
 v - a +1 pair of gloves (worn)
 D - a +3 leather armour of willpower
 K - a +0 kite shield (worn)
Magical Staves
 z - a staff of death
Jewellery
 A - an amulet of guardian spirit
 M - a ring of protection from cold
Wands
 h - a wand of paralysis (18)
 t - a wand of iceblast (13)
 x - a wand of mindburst (16) (quivered)
Scrolls
 d - 2 scrolls of blinking
 g - a scroll of brand weapon
 n - 4 scrolls of teleportation
 o - 2 scrolls of vulnerability
 q - 2 scrolls of acquirement {unknown}
 u - 2 scrolls of holy word
 C - a scroll of immolation
 E - 2 scrolls of fog
Potions
 a - 3 potions of invisibility
 i - 3 potions of curing
 k - a potion of might
 l - 2 potions of magic
 m - 3 potions of heal wounds
 w - 3 potions of haste
 B - a potion of degeneration
 F - a potion of ambrosia {unknown}
 G - a potion of berserk rage {unknown}
 H - a potion of attraction
 N - a potion of brilliance {unknown}


   Skills:
 + Level 8.8 Fighting
 * Level 10.4(12.2) Axes
 - Level 10.9(12.5) Maces & Flails
 + Level 8.8 Armour
 + Level 3.2 Dodging
 + Level 1.0 Stealth
 + Level 1.8 Shields
 + Level 0.2 Evocations


You had 9 spell levels left.
You didn't know any spells.
Your spell library was empty.

Dungeon Overview and Level Annotations

Branches:
Dungeon (9/15)             Temple (0/1) D:5            Lair (0/6) D:8
  Sewer (visited)         Ossuary (visited)
    Orc: D:9-12

Altars:
Hepliaklqana
Qazlal
Ru
Wu Jian

Shops:
D:4 (   D:6 [   D:7 (   D:9 (

Annotations:
D:2 Sigmund


Innate Abilities, Weirdness & Mutations

You have a pair of horns on your head.
You reflexively headbutt those who attack you in melee.


Message History

You furiously retaliate!
You headbutt the kobold brigand! You slash the kobold brigand!
You kill the kobold brigand!
Trog accepts your kill.
You closely miss the kobold.
You feel very sick. The kobold hits you but does no damage.
You slash the two-headed ogre!
Your headbutt misses the two-headed ogre.
The two-headed ogre is lightly wounded.
You slash the kobold!
You kill the kobold!
Trog accepts your kill.
You feel very sick.
The two-headed ogre hits you with a +0 giant club.
The two-headed ogre hits you with a +0 giant club!
You slash the two-headed ogre!
The two-headed ogre is moderately wounded.
You hit the kobold.
You kill the kobold!
Trog accepts your kill.
You feel sick.
The two-headed ogre hits you with a +0 giant club! x2
Okay, then.
Okay, then.
Okay, then.
Okay, then.
Okay, then.
As you read the scroll of fear, it crumbles to dust.
You assume a fearsome visage.
The two-headed ogre resists with some effort.
The kobold looks frightened! x2; You feel sick.
The two-headed ogre hits you with a +0 giant club!
* * * LOW HITPOINT WARNING * * *
The two-headed ogre hits you with a +0 giant club!
* * * LOW HITPOINT WARNING * * *
Blink to where?
Press: ? - help, Dir - move target
As you read the scroll of blinking, it crumbles to dust.
You die...

.#K# #...# #..# #..#
#...# #...# ###..# #...#
#.#.# #K.)O# #...####.#.#
#§# #........#.# . #. #.#
#....###...### ...#.##.#
#......#......
........####...##....)...
...#.#..@.....(...#.....♣
# ##.#.........#†...♣#
#.....####..†....♣
##....#D≈#.##†...♣#
##.∩.#.P#.##..#..♣
#...#..#.#...#...
#...####.....###. #....
..##..# #. #.##..### ##.#
#.


You could see a seven-headed hydra and a two-headed ogre.

Vanquished Creatures
  Pikel (D:9)
  A kobold demonologist (D:9)
  A troll (D:8)
  Grinder (D:6)
  4 yaks (D:9)
  Eustachio (D:6)
  A steam dragon (D:6)
  A sky beast (D:7)
  An ice beast (D:4)
  A black bear (D:7)
  An orc warrior (D:6)
  3 necrophages
  2 ogres
  2 wolves (D:8)
  2 centaurs
  2 lemures (D:9)
  2 phantoms (D:6)
  7 kobold brigands
  5 bullfrogs
  A gnoll sergeant (D:5)
  3 scorpions
  2 howler monkeys
  5 wights (D:6)
  2 electric eels (D:8)
  5 centaur zombies
  7 hounds
  A bullfrog skeleton (D:4)
  2 jellies
  A gnoll shaman (D:7)
  2 orc priests
  A centaur skeleton (D:5)
  Crazy Yiuf (D:3)
  Ijyb (D:3)
  4 iguanas
  Natasha (thrice) (D:3)
  9 orc wizards
  7 mummies
  19 gnolls
  3 adders
  5 river rats (Sewer)
  A white imp (D:6)
  An ufetubus (D:7)
  2 worms
  An adder skeleton (D:4)
  38 orcs
  7 endoplasms
  6 giant cockroaches
  6 goblins
  A hobgoblin (D:1)
  4 jackals (D:1)
  4 quokkas
  9 ball pythons
  4 bats
  9 frilled lizards
  A goblin zombie (D:5)
  3 hobgoblin zombies
  28 kobolds
  8 rats
  A bush (D:8)
257 creatures vanquished.

Notes
Turn   | Place    | Note
-------+----------+-------------------------------------------
     0 | D:1      | karkarkar the Minotaur Berserker began the quest for the
                  | Orb.
     0 | D:1      | Reached XP level 1. HP: 19/19 MP: 0/0
   507 | D:1      | Reached XP level 2. HP: 17/25 MP: 1/1
   812 | D:1      | Found a faded altar of an unknown god.
   822 | D:1      | Reached XP level 3. HP: 28/33 MP: 2/2
  1151 | D:2      | Noticed Sigmund
  1272 | D:2      | Reached ** piety under Trog
  1826 | D:2      | Reached skill level 1 in Maces & Flails
  1826 | D:2      | Reached XP level 4. HP: 40/40 MP: 3/3
  2178 | D:3      | Noticed Ijyb
  2184 | D:3      | Killed Ijyb
  2447 | D:3      | Reached XP level 5. HP: 43/46 MP: 4/4
  2685 | D:3      | Found a glowing drain.
  2698 | Sewer    | Entered a sewer
  3300 | D:3      | Noticed an air elemental
  3303 | D:3      | Found a stormy altar of Qazlal.
  3307 | D:3      | Reached *** piety under Trog
  3324 | D:3      | Noticed a water elemental
  3327 | D:3      | Noticed a fire elemental
  3428 | D:3      | Noticed Natasha
  3431 | D:3      | Killed Natasha
  3439 | D:3      | Found a runed translucent door.
  3440 | D:3      | Noticed Crazy Yiuf
  3626 | D:3      | Killed Crazy Yiuf
  3627 | D:3      | Reached skill level 5 in Axes
  3627 | D:3      | Reached XP level 6. HP: 53/53 MP: 5/5
  3742 | D:3      | Noticed Natasha
  3751 | D:3      | Killed Natasha
  3786 | D:3      | Noticed Natasha
  3798 | D:3      | Killed Natasha
  3873 | D:4      | Noticed an ice beast
  3883 | D:4      | Killed an ice beast
  3884 | D:4      | Reached skill level 5 in Armour
  4328 | D:4      | Found a hazy altar of Hepliaklqana.
  4662 | D:4      | Found Piupye's Antique Weapon Emporium.
  4790 | D:4      | Reached XP level 7. HP: 57/60 MP: 6/6
  5041 | D:5      | Entered Level 5 of the Dungeon
  5045 | D:5      | Reached skill level 5 in Fighting
  5045 | D:5      | Reached skill level 5 in Maces & Flails
  5212 | D:5      | Found a staircase to the Ecumenical Temple.
  5529 | D:5      | Reached XP level 8. HP: 38/68 MP: 7/7
  5758 | D:5      | Reached **** piety under Trog
  5802 | D:5      | Found a sand-covered staircase.
  5832 | Ossuary  | Entered an ossuary
  6546 | D:6      | Found Bunurhar's Armour Emporium.
  6717 | D:6      | Noticed Eustachio
  6739 | D:6      | Killed Eustachio
  6740 | D:6      | Reached XP level 9. HP: 75/75 MP: 8/8
  7027 | D:6      | Found a sacrificial altar of Ru.
  7114 | D:6      | Noticed Grinder
  7119 | D:6      | Killed Grinder
  7197 | D:6      | Reached skill level 10 in Maces & Flails
  7694 | D:7      | Reached ***** piety under Trog
  7907 | D:7      | Found Ylysiocli's Weapon Shop.
  8480 | D:7      | Identified the +9 hand axe of Dauh Lyni {vorpal, Dex+4}
  8614 | D:8      | Identified the +2 hand axe "Gumud" {venom, *Slow Str+4
                  | Int+9}
  8819 | D:8      | Noticed a troll
  9037 | D:8      | Reached XP level 10. HP: 68/90 MP: 9/9
  9163 | D:8      | Reached skill level 1 in Stealth
 10118 | D:8      | Found a staircase to the Lair.
 10373 | D:8      | Found an ornate altar of the Wu Jian Council.
 10433 | D:9      | Noticed a two-headed ogre
 10463 | D:9      | Noticed Pikel
 10469 | D:9      | Killed Pikel
 10690 | D:9      | Received a gift from Trog
 10750 | D:9      | Reached skill level 10 in Axes
 10761 | D:9      | Reached skill level 1 in Shields
 10769 | D:9      | Found Rovecue's Hydra Hut.
 10875 | D:9      | Noticed a seven-headed hydra
 10892 | D:9      | Noticed a two-headed ogre
 10900 | D:9      | HP: 2/90 [two-headed ogre/+0 giant club (10)]
 10901 | D:9      | Succumbed to kobold brigand's curare-tipped dart

Illustrated notes

Levels and vault maps discovered:
D:1:      dpeg_arrival_three_smaller_balls, layout_basic,
          ebering_ecumenical_altar_abandoned
D:2:      layout_rooms, fountainhead, uniq_sigmund
D:3:      layout_basic, nicolae_qazlal_style_of_elements, portal_sewer_entry_b,
          uniq_crazy_yiuf_cottage, uniq_natasha, uniq_ijyb
D:4:      layout_basic, kennysheep_mini_moat, serial_shops,
          nicolae_shop_window_shopping
D:5:      layout_rooms, minmay_temple_entry_glass, nicolae_ossuary_entry_giza,
          kennysheep_minor_cross
D:6:      layout_loops_ring, lemuel_round_altar, serial_shops, shop,
          hangedman_abyss_or_decor_lesser_grid, uniq_eustachio, uniq_grinder
D:7:      layout_loops_ring, serial_shops, nicolae_shop_behind_doors,
          nrook_pool_corridor, patterned_corridor
D:8:      layout_basic, nicolae_wu_jian_immortal_techniques, erik_lair_island,
          amcnicky_mini_corridor_feature, kb_lookout_dungeons_type,
          minmay_misc_feat_hallway
D:9:      layout_rooms, minmay_stone_trees_small, doesnt_shop_hydraphobe,
          uniq_pikel, uniq_gastronok

Skill      XL: |  1  2  3  4  5  6  7  8  9 10 |
---------------+-------------------------------+-----
Fighting       | 4 5 6 8 |  8.8
Axes           | 4 5 6 7 10 | 10.4
Armour         | 3 4 5 6 7 8 |  8.8
Maces & Flails | 1 2 3 4 6 9 10 | 10.9
Dodging        | 3 |  3.2
Stealth        | 1 |  1.0
Shields        | 1 |  1.8
Evocations     | |  0.2

Action                   |  1- 3 |  4- 6 |  7- 9 | 10-12 || total
-------------------------+-------+-------+-------+-------++-------
Melee: Hand axe          |    24 |       |    29 |    79 ||   132
       Whip              |    48 |   136 |   313 |       ||   497
       Headbutt          |     5 |    16 |    55 |    13 ||    89
Throw: Stone             |     3 |       |       |     1 ||     4
Invok: Berserk           |     2 |     6 |     4 |     2 ||    14
       Trog's Hand       |       |     1 |       |       ||     1
Evoke: Wand              |       |       |       |     3 ||     3
  Use: Scroll            |       |     6 |     7 |     2 ||    15
       Potion            |       |     3 |     7 |     2 ||    12
 Stab: Distracted        |       |     1 |       |       ||     1
Armor: Scale mail        |    20 |    34 |       |       ||    54
       Animal skin       |     4 |       |       |       ||     4
       Plate armour      |       |    12 |   165 |    50 ||   227
Dodge: Dodged            |    30 |    45 |   102 |    32 ||   209
Block: Kite shield       |       |       |       |     7 ||     7

Table legend: (Time is in decaauts)
 A = Elapsed time spent in this place.
 B = Non-inter-level travel time spent in this place.
 C = Inter-level travel time spent in this place.
 D = Time resting spent in this place.
 E = Time spent auto-exploring this place.
 F = Levels seen in this place.
 G = Mean time per level.
                   A        B        C        D        E       F      G
               +--------+--------+--------+--------+--------+-----+--------+
         Total |  10959 |  10790 |    169 |   1040 |   4456 |  11 |  996.3 |
       Dungeon |  10280 |  10111 |    169 |    966 |   4197 |   9 | 1142.2 |
         Sewer |    537 |    537 |      0 |     74 |    259 |   1 |  537.0 |
       Ossuary |    141 |    141 |      0 |      0 |      0 |   1 |  141.0 |
               +--------+--------+--------+--------+--------+-----+--------+

Top non-repeatable levels by time:
     D:8: 1905 daAuts
     D:1: 1487 daAuts
     D:3: 1257 daAuts
     D:4: 1201 daAuts
     D:5: 1191 daAuts
     D:7: 1085 daAuts
     D:6: 1055 daAuts
     D:2: 686 daAuts
   Sewer: 537 daAuts
     D:9: 407 daAuts
 Ossuary: 141 daAuts
